Workbook

Sheet Resumen
B2: Resumen de gastos de viaje
B3: Cuánto se ha gastado, qué falta por justificar y cuánto hay que reembolsar
B5: TOTAL GASTADO | D5: TOTAL A REEMBOLSAR | F5: SALDO TRAS ANTICIPOS
B6: =SUM(Gastos!$D$7:$D$46) | D6: =Viajes!O29 | F6: =Viajes!P29
B8: IMPORTE SIN JUSTIFICANTE | D8: GASTOS SIN JUSTIFICANTE | F8: GASTO MEDIO POR DÍA
B9: =SUMIFS(Gastos!$D$7:$D$46,Gastos!$G$7:$G$46,"No") | D9: =COUNTIFS(Gastos!$G$7:$G$46,"No") | F9: =IF(Viajes!I29>0,SUM(Gastos!$D$7:$D$46)/Viajes!I29,0)
B11: POR CATEGORÍA
B12: Categoría | C12: Total gastado | D12: Justificado | E12: Sin justificar | F12: % del total | G12: Nº de gastos | H12: Media por gasto
B13: Transporte | C13: =SUMIFS(Gastos!$D$7:$D$46,Gastos!$C$7:$C$46,B13) | D13: =SUMIFS(Gastos!$I$7:$I$46,Gastos!$C$7:$C$46,B13) | E13: =C13-D13 | F13: =IF($C$18>0,C13/$C$18,0) | G13: =COUNTIFS(Gastos!$C$7:$C$46,B13) | H13: =IF(G13>0,ROUND(C13/G13,2),0)
B14: Alojamiento | C14: =SUMIFS(Gastos!$D$7:$D$46,Gastos!$C$7:$C$46,B14) | D14: =SUMIFS(Gastos!$I$7:$I$46,Gastos!$C$7:$C$46,B14) | E14: =C14-D14 | F14: =IF($C$18>0,C14/$C$18,0) | G14: =COUNTIFS(Gastos!$C$7:$C$46,B14) | H14: =IF(G14>0,ROUND(C14/G14,2),0)
B15: Comidas | C15: =SUMIFS(Gastos!$D$7:$D$46,Gastos!$C$7:$C$46,B15) | D15: =SUMIFS(Gastos!$I$7:$I$46,Gastos!$C$7:$C$46,B15) | E15: =C15-D15 | F15: =IF($C$18>0,C15/$C$18,0) | G15: =COUNTIFS(Gastos!$C$7:$C$46,B15) | H15: =IF(G15>0,ROUND(C15/G15,2),0)
B16: Representación | C16: =SUMIFS(Gastos!$D$7:$D$46,Gastos!$C$7:$C$46,B16) | D16: =SUMIFS(Gastos!$I$7:$I$46,Gastos!$C$7:$C$46,B16) | E16: =C16-D16 | F16: =IF($C$18>0,C16/$C$18,0) | G16: =COUNTIFS(Gastos!$C$7:$C$46,B16) | H16: =IF(G16>0,ROUND(C16/G16,2),0)
B17: Otros | C17: =SUMIFS(Gastos!$D$7:$D$46,Gastos!$C$7:$C$46,B17) | D17: =SUMIFS(Gastos!$I$7:$I$46,Gastos!$C$7:$C$46,B17) | E17: =C17-D17 | F17: =IF($C$18>0,C17/$C$18,0) | G17: =COUNTIFS(Gastos!$C$7:$C$46,B17) | H17: =IF(G17>0,ROUND(C17/G17,2),0)
B18: TOTAL | C18: =SUM(C13:C17) | D18: =SUM(D13:D17) | E18: =SUM(E13:E17) | F18: =SUM(F13:F17) | G18: =SUM(G13:G17) | H18: =IF(G18>0,ROUND(C18/G18,2),0)
B20: POR VIAJE
B21: Viaje | C21: Días | D21: Total gastado | E21: A reembolsar | F21: Saldo | G21: Estado | H21: € por día
B22: =IF(Viajes!B9="","",Viajes!B9) | C22: =IF(B22="","",Viajes!I9) | D22: =IF(B22="","",Viajes!J9) | E22: =IF(B22="","",Viajes!O9) | F22: =IF(B22="","",Viajes!P9) | G22: =IF(B22="","",Viajes!H9) | H22: =IF(B22="","",IF(N(C22)>0,ROUND(D22/C22,2),0))
B23: =IF(Viajes!B10="","",Viajes!B10) | C23: =IF(B23="","",Viajes!I10) | D23: =IF(B23="","",Viajes!J10) | E23: =IF(B23="","",Viajes!O10) | F23: =IF(B23="","",Viajes!P10) | G23: =IF(B23="","",Viajes!H10) | H23: =IF(B23="","",IF(N(C23)>0,ROUND(D23/C23,2),0))
B24: =IF(Viajes!B11="","",Viajes!B11) | C24: =IF(B24="","",Viajes!I11) | D24: =IF(B24="","",Viajes!J11) | E24: =IF(B24="","",Viajes!O11) | F24: =IF(B24="","",Viajes!P11) | G24: =IF(B24="","",Viajes!H11) | H24: =IF(B24="","",IF(N(C24)>0,ROUND(D24/C24,2),0))
B25: =IF(Viajes!B12="","",Viajes!B12) | C25: =IF(B25="","",Viajes!I12) | D25: =IF(B25="","",Viajes!J12) | E25: =IF(B25="","",Viajes!O12) | F25: =IF(B25="","",Viajes!P12) | G25: =IF(B25="","",Viajes!H12) | H25: =IF(B25="","",IF(N(C25)>0,ROUND(D25/C25,2),0))
B26: =IF(Viajes!B13="","",Viajes!B13) | C26: =IF(B26="","",Viajes!I13) | D26: =IF(B26="","",Viajes!J13) | E26: =IF(B26="","",Viajes!O13) | F26: =IF(B26="","",Viajes!P13) | G26: =IF(B26="","",Viajes!H13) | H26: =IF(B26="","",IF(N(C26)>0,ROUND(D26/C26,2),0))
B27: =IF(Viajes!B14="","",Viajes!B14) | C27: =IF(B27="","",Viajes!I14) | D27: =IF(B27="","",Viajes!J14) | E27: =IF(B27="","",Viajes!O14) | F27: =IF(B27="","",Viajes!P14) | G27: =IF(B27="","",Viajes!H14) | H27: =IF(B27="","",IF(N(C27)>0,ROUND(D27/C27,2),0))
B28: =IF(Viajes!B15="","",Viajes!B15) | C28: =IF(B28="","",Viajes!I15) | D28: =IF(B28="","",Viajes!J15) | E28: =IF(B28="","",Viajes!O15) | F28: =IF(B28="","",Viajes!P15) | G28: =IF(B28="","",Viajes!H15) | H28: =IF(B28="","",IF(N(C28)>0,ROUND(D28/C28,2),0))
B29: =IF(Viajes!B16="","",Viajes!B16) | C29: =IF(B29="","",Viajes!I16) | D29: =IF(B29="","",Viajes!J16) | E29: =IF(B29="","",Viajes!O16) | F29: =IF(B29="","",Viajes!P16) | G29: =IF(B29="","",Viajes!H16) | H29: =IF(B29="","",IF(N(C29)>0,ROUND(D29/C29,2),0))
B30: =IF(Viajes!B17="","",Viajes!B17) | C30: =IF(B30="","",Viajes!I17) | D30: =IF(B30="","",Viajes!J17) | E30: =IF(B30="","",Viajes!O17) | F30: =IF(B30="","",Viajes!P17) | G30: =IF(B30="","",Viajes!H17) | H30: =IF(B30="","",IF(N(C30)>0,ROUND(D30/C30,2),0))
B31: =IF(Viajes!B18="","",Viajes!B18) | C31: =IF(B31="","",Viajes!I18) | D31: =IF(B31="","",Viajes!J18) | E31: =IF(B31="","",Viajes!O18) | F31: =IF(B31="","",Viajes!P18) | G31: =IF(B31="","",Viajes!H18) | H31: =IF(B31="","",IF(N(C31)>0,ROUND(D31/C31,2),0))
B32: Solo se listan los 10 primeros viajes de la hoja «Viajes»; los totales de arriba incluyen todos.

Sheet Gastos
B2: Registro de gastos de viaje
B3: Un gasto por fila: importe, categoría, viaje y si tienes justificante
B6: Concepto | C6: Categoría | D6: Importe | E6: Fecha | F6: Viaje | G6: ¿Justificante? | H6: Pagado con | I6: Importe justificado | J6: A reembolsar (sin dietas) | K6: Control
B7: Tren AVE Madrid-Barcelona (ida) | C7: Transporte | D7: 89.5 | E7: 46091 | F7: Feria Barcelona | G7: Sí | H7: Propio | I7: =IF(D7="","",IF(G7="Sí",D7,0)) | J7: =IF(D7="","",IF(AND(G7="Sí",H7="Propio",C7<>"Comidas"),D7,0)) | K7: =IF(D7="","",IF(G7<>"Sí","Falta justificante",IFERROR(IF(AND(E7>=INDEX(Viajes!$E$9:$E$28,MATCH(F7,Viajes!$B$9:$B$28,0)),E7<=INDEX(Viajes!$F$9:$F$28,MATCH(F7,Viajes!$B$9:$B$28,0))),"OK","Fecha fuera del viaje"),"Viaje no encontrado")))
B8: Menú en la estación | C8: Comidas | D8: 18.5 | E8: 46091 | F8: Feria Barcelona | G8: Sí | H8: Propio | I8: =IF(D8="","",IF(G8="Sí",D8,0)) | J8: =IF(D8="","",IF(AND(G8="Sí",H8="Propio",C8<>"Comidas"),D8,0)) | K8: =IF(D8="","",IF(G8<>"Sí","Falta justificante",IFERROR(IF(AND(E8>=INDEX(Viajes!$E$9:$E$28,MATCH(F8,Viajes!$B$9:$B$28,0)),E8<=INDEX(Viajes!$F$9:$F$28,MATCH(F8,Viajes!$B$9:$B$28,0))),"OK","Fecha fuera del viaje"),"Viaje no encontrado")))
B9: Entradas de la feria | C9: Otros | D9: 25 | E9: 46092 | F9: Feria Barcelona | G9: Sí | H9: Propio | I9: =IF(D9="","",IF(G9="Sí",D9,0)) | J9: =IF(D9="","",IF(AND(G9="Sí",H9="Propio",C9<>"Comidas"),D9,0)) | K9: =IF(D9="","",IF(G9<>"Sí","Falta justificante",IFERROR(IF(AND(E9>=INDEX(Viajes!$E$9:$E$28,MATCH(F9,Viajes!$B$9:$B$28,0)),E9<=INDEX(Viajes!$F$9:$F$28,MATCH(F9,Viajes!$B$9:$B$28,0))),"OK","Fecha fuera del viaje"),"Viaje no encontrado")))
B10: Cena con el equipo comercial | C10: Comidas | D10: 32.4 | E10: 46092 | F10: Feria Barcelona | G10: Sí | H10: Propio | I10: =IF(D10="","",IF(G10="Sí",D10,0)) | J10: =IF(D10="","",IF(AND(G10="Sí",H10="Propio",C10<>"Comidas"),D10,0)) | K10: =IF(D10="","",IF(G10<>"Sí","Falta justificante",IFERROR(IF(AND(E10>=INDEX(Viajes!$E$9:$E$28,MATCH(F10,Viajes!$B$9:$B$28,0)),E10<=INDEX(Viajes!$F$9:$F$28,MATCH(F10,Viajes!$B$9:$B$28,0))),"OK","Fecha fuera del viaje"),"Viaje no encontrado")))
B11: Comida en el recinto ferial | C11: Comidas | D11: 14.8 | E11: 46093 | F11: Feria Barcelona | G11: Sí | H11: Propio | I11: =IF(D11="","",IF(G11="Sí",D11,0)) | J11: =IF(D11="","",IF(AND(G11="Sí",H11="Propio",C11<>"Comidas"),D11,0)) | K11: =IF(D11="","",IF(G11<>"Sí","Falta justificante",IFERROR(IF(AND(E11>=INDEX(Viajes!$E$9:$E$28,MATCH(F11,Viajes!$B$9:$B$28,0)),E11<=INDEX(Viajes!$F$9:$F$28,MATCH(F11,Viajes!$B$9:$B$28,0))),"OK","Fecha fuera del viaje"),"Viaje no encontrado")))
B12: Cena tras la jornada | C12: Comidas | D12: 41 | E12: 46093 | F12: Feria Barcelona | G12: Sí | H12: Propio | I12: =IF(D12="","",IF(G12="Sí",D12,0)) | J12: =IF(D12="","",IF(AND(G12="Sí",H12="Propio",C12<>"Comidas"),D12,0)) | K12: =IF(D12="","",IF(G12<>"Sí","Falta justificante",IFERROR(IF(AND(E12>=INDEX(Viajes!$E$9:$E$28,MATCH(F12,Viajes!$B$9:$B$28,0)),E12<=INDEX(Viajes!$F$9:$F$28,MATCH(F12,Viajes!$B$9:$B$28,0))),"OK","Fecha fuera del viaje"),"Viaje no encontrado")))
B13: Taxi del hotel a la feria | C13: Transporte | D13: 18 | E13: 46093 | F13: Feria Barcelona | G13: No | H13: Propio | I13: =IF(D13="","",IF(G13="Sí",D13,0)) | J13: =IF(D13="","",IF(AND(G13="Sí",H13="Propio",C13<>"Comidas"),D13,0)) | K13: =IF(D13="","",IF(G13<>"Sí","Falta justificante",IFERROR(IF(AND(E13>=INDEX(Viajes!$E$9:$E$28,MATCH(F13,Viajes!$B$9:$B$28,0)),E13<=INDEX(Viajes!$F$9:$F$28,MATCH(F13,Viajes!$B$9:$B$28,0))),"OK","Fecha fuera del viaje"),"Viaje no encontrado")))
B14: Tren AVE Barcelona-Madrid (vuelta) | C14: Transporte | D14: 94.2 | E14: 46094 | F14: Feria Barcelona | G14: Sí | H14: Propio | I14: =IF(D14="","",IF(G14="Sí",D14,0)) | J14: =IF(D14="","",IF(AND(G14="Sí",H14="Propio",C14<>"Comidas"),D14,0)) | K14: =IF(D14="","",IF(G14<>"Sí","Falta justificante",IFERROR(IF(AND(E14>=INDEX(Viajes!$E$9:$E$28,MATCH(F14,Viajes!$B$9:$B$28,0)),E14<=INDEX(Viajes!$F$9:$F$28,MATCH(F14,Viajes!$B$9:$B$28,0))),"OK","Fecha fuera del viaje"),"Viaje no encontrado")))
B15: Hotel 3 noches | C15: Alojamiento | D15: 342 | E15: 46094 | F15: Feria Barcelona | G15: Sí | H15: Empresa | I15: =IF(D15="","",IF(G15="Sí",D15,0)) | J15: =IF(D15="","",IF(AND(G15="Sí",H15="Propio",C15<>"Comidas"),D15,0)) | K15: =IF(D15="","",IF(G15<>"Sí","Falta justificante",IFERROR(IF(AND(E15>=INDEX(Viajes!$E$9:$E$28,MATCH(F15,Viajes!$B$9:$B$28,0)),E15<=INDEX(Viajes!$F$9:$F$28,MATCH(F15,Viajes!$B$9:$B$28,0))),"OK","Fecha fuera del viaje"),"Viaje no encontrado")))
B16: Tren Madrid-Valencia | C16: Transporte | D16: 46.3 | E16: 46134 | F16: Cliente Valencia | G16: Sí | H16: Propio | I16: =IF(D16="","",IF(G16="Sí",D16,0)) | J16: =IF(D16="","",IF(AND(G16="Sí",H16="Propio",C16<>"Comidas"),D16,0)) | K16: =IF(D16="","",IF(G16<>"Sí","Falta justificante",IFERROR(IF(AND(E16>=INDEX(Viajes!$E$9:$E$28,MATCH(F16,Viajes!$B$9:$B$28,0)),E16<=INDEX(Viajes!$F$9:$F$28,MATCH(F16,Viajes!$B$9:$B$28,0))),"OK","Fecha fuera del viaje"),"Viaje no encontrado")))
B17: Comida de trabajo | C17: Comidas | D17: 34.6 | E17: 46134 | F17: Cliente Valencia | G17: Sí | H17: Propio | I17: =IF(D17="","",IF(G17="Sí",D17,0)) | J17: =IF(D17="","",IF(AND(G17="Sí",H17="Propio",C17<>"Comidas"),D17,0)) | K17: =IF(D17="","",IF(G17<>"Sí","Falta justificante",IFERROR(IF(AND(E17>=INDEX(Viajes!$E$9:$E$28,MATCH(F17,Viajes!$B$9:$B$28,0)),E17<=INDEX(Viajes!$F$9:$F$28,MATCH(F17,Viajes!$B$9:$B$28,0))),"OK","Fecha fuera del viaje"),"Viaje no encontrado")))
B18: Cena con cliente | C18: Representación | D18: 64 | E18: 46134 | F18: Cliente Valencia | G18: Sí | H18: Propio | I18: =IF(D18="","",IF(G18="Sí",D18,0)) | J18: =IF(D18="","",IF(AND(G18="Sí",H18="Propio",C18<>"Comidas"),D18,0)) | K18: =IF(D18="","",IF(G18<>"Sí","Falta justificante",IFERROR(IF(AND(E18>=INDEX(Viajes!$E$9:$E$28,MATCH(F18,Viajes!$B$9:$B$28,0)),E18<=INDEX(Viajes!$F$9:$F$28,MATCH(F18,Viajes!$B$9:$B$28,0))),"OK","Fecha fuera del viaje"),"Viaje no encontrado")))
... B36: Hotel 2 noches | C36: Alojamiento | D36: 168 | E36: 46282 | F36: Proveedor Oporto | G36: Sí | H36: Propio | I36: =IF(D36="","",IF(G36="Sí",D36,0)) | J36: =IF(D36="","",IF(AND(G36="Sí",H36="Propio",C36<>"Comidas"),D36,0)) | K36: =IF(D36="","",IF(G36<>"Sí","Falta justificante",IFERROR(IF(AND(E36>=INDEX(Viajes!$E$9:$E$28,MATCH(F36,Viajes!$B$9:$B$28,0)),E36<=INDEX(Viajes!$F$9:$F$28,MATCH(F36,Viajes!$B$9:$B$28,0))),"OK","Fecha fuera del viaje"),"Viaje no encontrado")))
I37: =IF(D37="","",IF(G37="Sí",D37,0)) | J37: =IF(D37="","",IF(AND(G37="Sí",H37="Propio",C37<>"Comidas"),D37,0)) | K37: =IF(D37="","",IF(G37<>"Sí","Falta justificante",IFERROR(IF(AND(E37>=INDEX(Viajes!$E$9:$E$28,MATCH(F37,Viajes!$B$9:$B$28,0)),E37<=INDEX(Viajes!$F$9:$F$28,MATCH(F37,Viajes!$B$9:$B$28,0))),"OK","Fecha fuera del viaje"),"Viaje no encontrado")))
I38: =IF(D38="","",IF(G38="Sí",D38,0)) | J38: =IF(D38="","",IF(AND(G38="Sí",H38="Propio",C38<>"Comidas"),D38,0)) | K38: =IF(D38="","",IF(G38<>"Sí","Falta justificante",IFERROR(IF(AND(E38>=INDEX(Viajes!$E$9:$E$28,MATCH(F38,Viajes!$B$9:$B$28,0)),E38<=INDEX(Viajes!$F$9:$F$28,MATCH(F38,Viajes!$B$9:$B$28,0))),"OK","Fecha fuera del viaje"),"Viaje no encontrado")))
I39: =IF(D39="","",IF(G39="Sí",D39,0)) | J39: =IF(D39="","",IF(AND(G39="Sí",H39="Propio",C39<>"Comidas"),D39,0)) | K39: =IF(D39="","",IF(G39<>"Sí","Falta justificante",IFERROR(IF(AND(E39>=INDEX(Viajes!$E$9:$E$28,MATCH(F39,Viajes!$B$9:$B$28,0)),E39<=INDEX(Viajes!$F$9:$F$28,MATCH(F39,Viajes!$B$9:$B$28,0))),"OK","Fecha fuera del viaje"),"Viaje no encontrado")))
I40: =IF(D40="","",IF(G40="Sí",D40,0)) | J40: =IF(D40="","",IF(AND(G40="Sí",H40="Propio",C40<>"Comidas"),D40,0)) | K40: =IF(D40="","",IF(G40<>"Sí","Falta justificante",IFERROR(IF(AND(E40>=INDEX(Viajes!$E$9:$E$28,MATCH(F40,Viajes!$B$9:$B$28,0)),E40<=INDEX(Viajes!$F$9:$F$28,MATCH(F40,Viajes!$B$9:$B$28,0))),"OK","Fecha fuera del viaje"),"Viaje no encontrado")))
I41: =IF(D41="","",IF(G41="Sí",D41,0)) | J41: =IF(D41="","",IF(AND(G41="Sí",H41="Propio",C41<>"Comidas"),D41,0)) | K41: =IF(D41="","",IF(G41<>"Sí","Falta justificante",IFERROR(IF(AND(E41>=INDEX(Viajes!$E$9:$E$28,MATCH(F41,Viajes!$B$9:$B$28,0)),E41<=INDEX(Viajes!$F$9:$F$28,MATCH(F41,Viajes!$B$9:$B$28,0))),"OK","Fecha fuera del viaje"),"Viaje no encontrado")))
I42: =IF(D42="","",IF(G42="Sí",D42,0)) | J42: =IF(D42="","",IF(AND(G42="Sí",H42="Propio",C42<>"Comidas"),D42,0)) | K42: =IF(D42="","",IF(G42<>"Sí","Falta justificante",IFERROR(IF(AND(E42>=INDEX(Viajes!$E$9:$E$28,MATCH(F42,Viajes!$B$9:$B$28,0)),E42<=INDEX(Viajes!$F$9:$F$28,MATCH(F42,Viajes!$B$9:$B$28,0))),"OK","Fecha fuera del viaje"),"Viaje no encontrado")))
I43: =IF(D43="","",IF(G43="Sí",D43,0)) | J43: =IF(D43="","",IF(AND(G43="Sí",H43="Propio",C43<>"Comidas"),D43,0)) | K43: =IF(D43="","",IF(G43<>"Sí","Falta justificante",IFERROR(IF(AND(E43>=INDEX(Viajes!$E$9:$E$28,MATCH(F43,Viajes!$B$9:$B$28,0)),E43<=INDEX(Viajes!$F$9:$F$28,MATCH(F43,Viajes!$B$9:$B$28,0))),"OK","Fecha fuera del viaje"),"Viaje no encontrado")))
I44: =IF(D44="","",IF(G44="Sí",D44,0)) | J44: =IF(D44="","",IF(AND(G44="Sí",H44="Propio",C44<>"Comidas"),D44,0)) | K44: =IF(D44="","",IF(G44<>"Sí","Falta justificante",IFERROR(IF(AND(E44>=INDEX(Viajes!$E$9:$E$28,MATCH(F44,Viajes!$B$9:$B$28,0)),E44<=INDEX(Viajes!$F$9:$F$28,MATCH(F44,Viajes!$B$9:$B$28,0))),"OK","Fecha fuera del viaje"),"Viaje no encontrado")))
I45: =IF(D45="","",IF(G45="Sí",D45,0)) | J45: =IF(D45="","",IF(AND(G45="Sí",H45="Propio",C45<>"Comidas"),D45,0)) | K45: =IF(D45="","",IF(G45<>"Sí","Falta justificante",IFERROR(IF(AND(E45>=INDEX(Viajes!$E$9:$E$28,MATCH(F45,Viajes!$B$9:$B$28,0)),E45<=INDEX(Viajes!$F$9:$F$28,MATCH(F45,Viajes!$B$9:$B$28,0))),"OK","Fecha fuera del viaje"),"Viaje no encontrado")))
I46: =IF(D46="","",IF(G46="Sí",D46,0)) | J46: =IF(D46="","",IF(AND(G46="Sí",H46="Propio",C46<>"Comidas"),D46,0)) | K46: =IF(D46="","",IF(G46<>"Sí","Falta justificante",IFERROR(IF(AND(E46>=INDEX(Viajes!$E$9:$E$28,MATCH(F46,Viajes!$B$9:$B$28,0)),E46<=INDEX(Viajes!$F$9:$F$28,MATCH(F46,Viajes!$B$9:$B$28,0))),"OK","Fecha fuera del viaje"),"Viaje no encontrado")))
B48: «Pagado con»: Propio = lo adelantaste tú y se te reembolsa; Empresa = tarjeta corporativa (no se reembolsa).

Sheet Viajes
B2: Viajes y liquidación
B3: Fechas, anticipo y cuánto se reembolsa por viaje (dietas con tope editable)
B5: Dieta diaria (€/día) | C5: 30 | D5: Parámetro editable: pon el límite de tu empresa (no es una cifra oficial).
B6: Método de dietas | C6: Gasto real con tope | E6: Con tope: se paga lo justificado hasta días × dieta. Fijo: días × dieta, sin tickets.
B8: Viaje | C8: Destino | D8: Viajero | E8: Salida | F8: Regreso | G8: Anticipo recibido | H8: Estado del informe | I8: Días | J8: Total gastado | K8: Sin justificante | L8: Comidas a reembolsar | M8: Dietas reembolsables | N8: Resto reembolsable | O8: Total a reembolsar | P8: Saldo (tras anticipo) | Q8: Liquidación
B9: Feria Barcelona | C9: Barcelona | D9: Marta R. | E9: 46091 | F9: 46094 | G9: 300 | H9: Liquidado | I9: =IF(OR(E9="",F9=""),"",F9-E9+1) | J9: =IF(B9="","",SUMIFS(Gastos!$D$7:$D$46,Gastos!$F$7:$F$46,B9)) | K9: =IF(B9="","",SUMIFS(Gastos!$D$7:$D$46,Gastos!$F$7:$F$46,B9,Gastos!$G$7:$G$46,"No")) | L9: =IF(B9="","",SUMIFS(Gastos!$D$7:$D$46,Gastos!$F$7:$F$46,B9,Gastos!$C$7:$C$46,"Comidas",Gastos!$G$7:$G$46,"Sí",Gastos!$H$7:$H$46,"Propio")) | M9: =IF(B9="","",IF($C$6="Importe fijo diario",IF(I9="",0,I9)*$C$5,MIN(L9,IF(I9="",0,I9)*$C$5))) | N9: =IF(B9="","",SUMIFS(Gastos!$J$7:$J$46,Gastos!$F$7:$F$46,B9)) | O9: =IF(B9="","",M9+N9) | P9: =IF(B9="","",O9-IF(G9="",0,G9)) | Q9: =IF(B9="","",IF(P9>0,"Pagar al viajero",IF(P9<0,"El viajero devuelve","Saldado")))
B10: Cliente Valencia | C10: Valencia | D10: Jorge P. | E10: 46134 | F10: 46135 | G10: 100 | H10: Liquidado | I10: =IF(OR(E10="",F10=""),"",F10-E10+1) | J10: =IF(B10="","",SUMIFS(Gastos!$D$7:$D$46,Gastos!$F$7:$F$46,B10)) | K10: =IF(B10="","",SUMIFS(Gastos!$D$7:$D$46,Gastos!$F$7:$F$46,B10,Gastos!$G$7:$G$46,"No")) | L10: =IF(B10="","",SUMIFS(Gastos!$D$7:$D$46,Gastos!$F$7:$F$46,B10,Gastos!$C$7:$C$46,"Comidas",Gastos!$G$7:$G$46,"Sí",Gastos!$H$7:$H$46,"Propio")) | M10: =IF(B10="","",IF($C$6="Importe fijo diario",IF(I10="",0,I10)*$C$5,MIN(L10,IF(I10="",0,I10)*$C$5))) | N10: =IF(B10="","",SUMIFS(Gastos!$J$7:$J$46,Gastos!$F$7:$F$46,B10)) | O10: =IF(B10="","",M10+N10) | P10: =IF(B10="","",O10-IF(G10="",0,G10)) | Q10: =IF(B10="","",IF(P10>0,"Pagar al viajero",IF(P10<0,"El viajero devuelve","Saldado")))
B11: Congreso Sevilla | C11: Sevilla | D11: Marta R. | E11: 46160 | F11: 46163 | G11: 250 | H11: Presentado | I11: =IF(OR(E11="",F11=""),"",F11-E11+1) | J11: =IF(B11="","",SUMIFS(Gastos!$D$7:$D$46,Gastos!$F$7:$F$46,B11)) | K11: =IF(B11="","",SUMIFS(Gastos!$D$7:$D$46,Gastos!$F$7:$F$46,B11,Gastos!$G$7:$G$46,"No")) | L11: =IF(B11="","",SUMIFS(Gastos!$D$7:$D$46,Gastos!$F$7:$F$46,B11,Gastos!$C$7:$C$46,"Comidas",Gastos!$G$7:$G$46,"Sí",Gastos!$H$7:$H$46,"Propio")) | M11: =IF(B11="","",IF($C$6="Importe fijo diario",IF(I11="",0,I11)*$C$5,MIN(L11,IF(I11="",0,I11)*$C$5))) | N11: =IF(B11="","",SUMIFS(Gastos!$J$7:$J$46,Gastos!$F$7:$F$46,B11)) | O11: =IF(B11="","",M11+N11) | P11: =IF(B11="","",O11-IF(G11="",0,G11)) | Q11: =IF(B11="","",IF(P11>0,"Pagar al viajero",IF(P11<0,"El viajero devuelve","Saldado")))
B12: Formación Bilbao | C12: Bilbao | D12: Lucía G. | E12: 46182 | F12: 46183 | G12: 0 | H12: Presentado | I12: =IF(OR(E12="",F12=""),"",F12-E12+1) | J12: =IF(B12="","",SUMIFS(Gastos!$D$7:$D$46,Gastos!$F$7:$F$46,B12)) | K12: =IF(B12="","",SUMIFS(Gastos!$D$7:$D$46,Gastos!$F$7:$F$46,B12,Gastos!$G$7:$G$46,"No")) | L12: =IF(B12="","",SUMIFS(Gastos!$D$7:$D$46,Gastos!$F$7:$F$46,B12,Gastos!$C$7:$C$46,"Comidas",Gastos!$G$7:$G$46,"Sí",Gastos!$H$7:$H$46,"Propio")) | M12: =IF(B12="","",IF($C$6="Importe fijo diario",IF(I12="",0,I12)*$C$5,MIN(L12,IF(I12="",0,I12)*$C$5))) | N12: =IF(B12="","",SUMIFS(Gastos!$J$7:$J$46,Gastos!$F$7:$F$46,B12)) | O12: =IF(B12="","",M12+N12) | P12: =IF(B12="","",O12-IF(G12="",0,G12)) | Q12: =IF(B12="","",IF(P12>0,"Pagar al viajero",IF(P12<0,"El viajero devuelve","Saldado")))
B13: Proveedor Oporto | C13: Oporto | D13: Jorge P. | E13: 46280 | F13: 46282 | G13: 200 | H13: Pendiente | I13: =IF(OR(E13="",F13=""),"",F13-E13+1) | J13: =IF(B13="","",SUMIFS(Gastos!$D$7:$D$46,Gastos!$F$7:$F$46,B13)) | K13: =IF(B13="","",SUMIFS(Gastos!$D$7:$D$46,Gastos!$F$7:$F$46,B13,Gastos!$G$7:$G$46,"No")) | L13: =IF(B13="","",SUMIFS(Gastos!$D$7:$D$46,Gastos!$F$7:$F$46,B13,Gastos!$C$7:$C$46,"Comidas",Gastos!$G$7:$G$46,"Sí",Gastos!$H$7:$H$46,"Propio")) | M13: =IF(B13="","",IF($C$6="Importe fijo diario",IF(I13="",0,I13)*$C$5,MIN(L13,IF(I13="",0,I13)*$C$5))) | N13: =IF(B13="","",SUMIFS(Gastos!$J$7:$J$46,Gastos!$F$7:$F$46,B13)) | O13: =IF(B13="","",M13+N13) | P13: =IF(B13="","",O13-IF(G13="",0,G13)) | Q13: =IF(B13="","",IF(P13>0,"Pagar al viajero",IF(P13<0,"El viajero devuelve","Saldado")))
I14: =IF(OR(E14="",F14=""),"",F14-E14+1) | J14: =IF(B14="","",SUMIFS(Gastos!$D$7:$D$46,Gastos!$F$7:$F$46,B14)) | K14: =IF(B14="","",SUMIFS(Gastos!$D$7:$D$46,Gastos!$F$7:$F$46,B14,Gastos!$G$7:$G$46,"No")) | L14: =IF(B14="","",SUMIFS(Gastos!$D$7:$D$46,Gastos!$F$7:$F$46,B14,Gastos!$C$7:$C$46,"Comidas",Gastos!$G$7:$G$46,"Sí",Gastos!$H$7:$H$46,"Propio")) | M14: =IF(B14="","",IF($C$6="Importe fijo diario",IF(I14="",0,I14)*$C$5,MIN(L14,IF(I14="",0,I14)*$C$5))) | N14: =IF(B14="","",SUMIFS(Gastos!$J$7:$J$46,Gastos!$F$7:$F$46,B14)) | O14: =IF(B14="","",M14+N14) | P14: =IF(B14="","",O14-IF(G14="",0,G14)) | Q14: =IF(B14="","",IF(P14>0,"Pagar al viajero",IF(P14<0,"El viajero devuelve","Saldado")))
I15: =IF(OR(E15="",F15=""),"",F15-E15+1) | J15: =IF(B15="","",SUMIFS(Gastos!$D$7:$D$46,Gastos!$F$7:$F$46,B15)) | K15: =IF(B15="","",SUMIFS(Gastos!$D$7:$D$46,Gastos!$F$7:$F$46,B15,Gastos!$G$7:$G$46,"No")) | L15: =IF(B15="","",SUMIFS(Gastos!$D$7:$D$46,Gastos!$F$7:$F$46,B15,Gastos!$C$7:$C$46,"Comidas",Gastos!$G$7:$G$46,"Sí",Gastos!$H$7:$H$46,"Propio")) | M15: =IF(B15="","",IF($C$6="Importe fijo diario",IF(I15="",0,I15)*$C$5,MIN(L15,IF(I15="",0,I15)*$C$5))) | N15: =IF(B15="","",SUMIFS(Gastos!$J$7:$J$46,Gastos!$F$7:$F$46,B15)) | O15: =IF(B15="","",M15+N15) | P15: =IF(B15="","",O15-IF(G15="",0,G15)) | Q15: =IF(B15="","",IF(P15>0,"Pagar al viajero",IF(P15<0,"El viajero devuelve","Saldado")))
I16: =IF(OR(E16="",F16=""),"",F16-E16+1) | J16: =IF(B16="","",SUMIFS(Gastos!$D$7:$D$46,Gastos!$F$7:$F$46,B16)) | K16: =IF(B16="","",SUMIFS(Gastos!$D$7:$D$46,Gastos!$F$7:$F$46,B16,Gastos!$G$7:$G$46,"No")) | L16: =IF(B16="","",SUMIFS(Gastos!$D$7:$D$46,Gastos!$F$7:$F$46,B16,Gastos!$C$7:$C$46,"Comidas",Gastos!$G$7:$G$46,"Sí",Gastos!$H$7:$H$46,"Propio")) | M16: =IF(B16="","",IF($C$6="Importe fijo diario",IF(I16="",0,I16)*$C$5,MIN(L16,IF(I16="",0,I16)*$C$5))) | N16: =IF(B16="","",SUMIFS(Gastos!$J$7:$J$46,Gastos!$F$7:$F$46,B16)) | O16: =IF(B16="","",M16+N16) | P16: =IF(B16="","",O16-IF(G16="",0,G16)) | Q16: =IF(B16="","",IF(P16>0,"Pagar al viajero",IF(P16<0,"El viajero devuelve","Saldado")))
I17: =IF(OR(E17="",F17=""),"",F17-E17+1) | J17: =IF(B17="","",SUMIFS(Gastos!$D$7:$D$46,Gastos!$F$7:$F$46,B17)) | K17: =IF(B17="","",SUMIFS(Gastos!$D$7:$D$46,Gastos!$F$7:$F$46,B17,Gastos!$G$7:$G$46,"No")) | L17: =IF(B17="","",SUMIFS(Gastos!$D$7:$D$46,Gastos!$F$7:$F$46,B17,Gastos!$C$7:$C$46,"Comidas",Gastos!$G$7:$G$46,"Sí",Gastos!$H$7:$H$46,"Propio")) | M17: =IF(B17="","",IF($C$6="Importe fijo diario",IF(I17="",0,I17)*$C$5,MIN(L17,IF(I17="",0,I17)*$C$5))) | N17: =IF(B17="","",SUMIFS(Gastos!$J$7:$J$46,Gastos!$F$7:$F$46,B17)) | O17: =IF(B17="","",M17+N17) | P17: =IF(B17="","",O17-IF(G17="",0,G17)) | Q17: =IF(B17="","",IF(P17>0,"Pagar al viajero",IF(P17<0,"El viajero devuelve","Saldado")))
I18: =IF(OR(E18="",F18=""),"",F18-E18+1) | J18: =IF(B18="","",SUMIFS(Gastos!$D$7:$D$46,Gastos!$F$7:$F$46,B18)) | K18: =IF(B18="","",SUMIFS(Gastos!$D$7:$D$46,Gastos!$F$7:$F$46,B18,Gastos!$G$7:$G$46,"No")) | L18: =IF(B18="","",SUMIFS(Gastos!$D$7:$D$46,Gastos!$F$7:$F$46,B18,Gastos!$C$7:$C$46,"Comidas",Gastos!$G$7:$G$46,"Sí",Gastos!$H$7:$H$46,"Propio")) | M18: =IF(B18="","",IF($C$6="Importe fijo diario",IF(I18="",0,I18)*$C$5,MIN(L18,IF(I18="",0,I18)*$C$5))) | N18: =IF(B18="","",SUMIFS(Gastos!$J$7:$J$46,Gastos!$F$7:$F$46,B18)) | O18: =IF(B18="","",M18+N18) | P18: =IF(B18="","",O18-IF(G18="",0,G18)) | Q18: =IF(B18="","",IF(P18>0,"Pagar al viajero",IF(P18<0,"El viajero devuelve","Saldado")))
I19: =IF(OR(E19="",F19=""),"",F19-E19+1) | J19: =IF(B19="","",SUMIFS(Gastos!$D$7:$D$46,Gastos!$F$7:$F$46,B19)) | K19: =IF(B19="","",SUMIFS(Gastos!$D$7:$D$46,Gastos!$F$7:$F$46,B19,Gastos!$G$7:$G$46,"No")) | L19: =IF(B19="","",SUMIFS(Gastos!$D$7:$D$46,Gastos!$F$7:$F$46,B19,Gastos!$C$7:$C$46,"Comidas",Gastos!$G$7:$G$46,"Sí",Gastos!$H$7:$H$46,"Propio")) | M19: =IF(B19="","",IF($C$6="Importe fijo diario",IF(I19="",0,I19)*$C$5,MIN(L19,IF(I19="",0,I19)*$C$5))) | N19: =IF(B19="","",SUMIFS(Gastos!$J$7:$J$46,Gastos!$F$7:$F$46,B19)) | O19: =IF(B19="","",M19+N19) | P19: =IF(B19="","",O19-IF(G19="",0,G19)) | Q19: =IF(B19="","",IF(P19>0,"Pagar al viajero",IF(P19<0,"El viajero devuelve","Saldado")))
I20: =IF(OR(E20="",F20=""),"",F20-E20+1) | J20: =IF(B20="","",SUMIFS(Gastos!$D$7:$D$46,Gastos!$F$7:$F$46,B20)) | K20: =IF(B20="","",SUMIFS(Gastos!$D$7:$D$46,Gastos!$F$7:$F$46,B20,Gastos!$G$7:$G$46,"No")) | L20: =IF(B20="","",SUMIFS(Gastos!$D$7:$D$46,Gastos!$F$7:$F$46,B20,Gastos!$C$7:$C$46,"Comidas",Gastos!$G$7:$G$46,"Sí",Gastos!$H$7:$H$46,"Propio")) | M20: =IF(B20="","",IF($C$6="Importe fijo diario",IF(I20="",0,I20)*$C$5,MIN(L20,IF(I20="",0,I20)*$C$5))) | N20: =IF(B20="","",SUMIFS(Gastos!$J$7:$J$46,Gastos!$F$7:$F$46,B20)) | O20: =IF(B20="","",M20+N20) | P20: =IF(B20="","",O20-IF(G20="",0,G20)) | Q20: =IF(B20="","",IF(P20>0,"Pagar al viajero",IF(P20<0,"El viajero devuelve","Saldado")))
I21: =IF(OR(E21="",F21=""),"",F21-E21+1) | J21: =IF(B21="","",SUMIFS(Gastos!$D$7:$D$46,Gastos!$F$7:$F$46,B21)) | K21: =IF(B21="","",SUMIFS(Gastos!$D$7:$D$46,Gastos!$F$7:$F$46,B21,Gastos!$G$7:$G$46,"No")) | L21: =IF(B21="","",SUMIFS(Gastos!$D$7:$D$46,Gastos!$F$7:$F$46,B21,Gastos!$C$7:$C$46,"Comidas",Gastos!$G$7:$G$46,"Sí",Gastos!$H$7:$H$46,"Propio")) | M21: =IF(B21="","",IF($C$6="Importe fijo diario",IF(I21="",0,I21)*$C$5,MIN(L21,IF(I21="",0,I21)*$C$5))) | N21: =IF(B21="","",SUMIFS(Gastos!$J$7:$J$46,Gastos!$F$7:$F$46,B21)) | O21: =IF(B21="","",M21+N21) | P21: =IF(B21="","",O21-IF(G21="",0,G21)) | Q21: =IF(B21="","",IF(P21>0,"Pagar al viajero",IF(P21<0,"El viajero devuelve","Saldado")))
I22: =IF(OR(E22="",F22=""),"",F22-E22+1) | J22: =IF(B22="","",SUMIFS(Gastos!$D$7:$D$46,Gastos!$F$7:$F$46,B22)) | K22: =IF(B22="","",SUMIFS(Gastos!$D$7:$D$46,Gastos!$F$7:$F$46,B22,Gastos!$G$7:$G$46,"No")) | L22: =IF(B22="","",SUMIFS(Gastos!$D$7:$D$46,Gastos!$F$7:$F$46,B22,Gastos!$C$7:$C$46,"Comidas",Gastos!$G$7:$G$46,"Sí",Gastos!$H$7:$H$46,"Propio")) | M22: =IF(B22="","",IF($C$6="Importe fijo diario",IF(I22="",0,I22)*$C$5,MIN(L22,IF(I22="",0,I22)*$C$5))) | N22: =IF(B22="","",SUMIFS(Gastos!$J$7:$J$46,Gastos!$F$7:$F$46,B22)) | O22: =IF(B22="","",M22+N22) | P22: =IF(B22="","",O22-IF(G22="",0,G22)) | Q22: =IF(B22="","",IF(P22>0,"Pagar al viajero",IF(P22<0,"El viajero devuelve","Saldado")))
I23: =IF(OR(E23="",F23=""),"",F23-E23+1) | J23: =IF(B23="","",SUMIFS(Gastos!$D$7:$D$46,Gastos!$F$7:$F$46,B23)) | K23: =IF(B23="","",SUMIFS(Gastos!$D$7:$D$46,Gastos!$F$7:$F$46,B23,Gastos!$G$7:$G$46,"No")) | L23: =IF(B23="","",SUMIFS(Gastos!$D$7:$D$46,Gastos!$F$7:$F$46,B23,Gastos!$C$7:$C$46,"Comidas",Gastos!$G$7:$G$46,"Sí",Gastos!$H$7:$H$46,"Propio")) | M23: =IF(B23="","",IF($C$6="Importe fijo diario",IF(I23="",0,I23)*$C$5,MIN(L23,IF(I23="",0,I23)*$C$5))) | N23: =IF(B23="","",SUMIFS(Gastos!$J$7:$J$46,Gastos!$F$7:$F$46,B23)) | O23: =IF(B23="","",M23+N23) | P23: =IF(B23="","",O23-IF(G23="",0,G23)) | Q23: =IF(B23="","",IF(P23>0,"Pagar al viajero",IF(P23<0,"El viajero devuelve","Saldado")))
I24: =IF(OR(E24="",F24=""),"",F24-E24+1) | J24: =IF(B24="","",SUMIFS(Gastos!$D$7:$D$46,Gastos!$F$7:$F$46,B24)) | K24: =IF(B24="","",SUMIFS(Gastos!$D$7:$D$46,Gastos!$F$7:$F$46,B24,Gastos!$G$7:$G$46,"No")) | L24: =IF(B24="","",SUMIFS(Gastos!$D$7:$D$46,Gastos!$F$7:$F$46,B24,Gastos!$C$7:$C$46,"Comidas",Gastos!$G$7:$G$46,"Sí",Gastos!$H$7:$H$46,"Propio")) | M24: =IF(B24="","",IF($C$6="Importe fijo diario",IF(I24="",0,I24)*$C$5,MIN(L24,IF(I24="",0,I24)*$C$5))) | N24: =IF(B24="","",SUMIFS(Gastos!$J$7:$J$46,Gastos!$F$7:$F$46,B24)) | O24: =IF(B24="","",M24+N24) | P24: =IF(B24="","",O24-IF(G24="",0,G24)) | Q24: =IF(B24="","",IF(P24>0,"Pagar al viajero",IF(P24<0,"El viajero devuelve","Saldado")))
I25: =IF(OR(E25="",F25=""),"",F25-E25+1) | J25: =IF(B25="","",SUMIFS(Gastos!$D$7:$D$46,Gastos!$F$7:$F$46,B25)) | K25: =IF(B25="","",SUMIFS(Gastos!$D$7:$D$46,Gastos!$F$7:$F$46,B25,Gastos!$G$7:$G$46,"No")) | L25: =IF(B25="","",SUMIFS(Gastos!$D$7:$D$46,Gastos!$F$7:$F$46,B25,Gastos!$C$7:$C$46,"Comidas",Gastos!$G$7:$G$46,"Sí",Gastos!$H$7:$H$46,"Propio")) | M25: =IF(B25="","",IF($C$6="Importe fijo diario",IF(I25="",0,I25)*$C$5,MIN(L25,IF(I25="",0,I25)*$C$5))) | N25: =IF(B25="","",SUMIFS(Gastos!$J$7:$J$46,Gastos!$F$7:$F$46,B25)) | O25: =IF(B25="","",M25+N25) | P25: =IF(B25="","",O25-IF(G25="",0,G25)) | Q25: =IF(B25="","",IF(P25>0,"Pagar al viajero",IF(P25<0,"El viajero devuelve","Saldado")))
... I28: =IF(OR(E28="",F28=""),"",F28-E28+1) | J28: =IF(B28="","",SUMIFS(Gastos!$D$7:$D$46,Gastos!$F$7:$F$46,B28)) | K28: =IF(B28="","",SUMIFS(Gastos!$D$7:$D$46,Gastos!$F$7:$F$46,B28,Gastos!$G$7:$G$46,"No")) | L28: =IF(B28="","",SUMIFS(Gastos!$D$7:$D$46,Gastos!$F$7:$F$46,B28,Gastos!$C$7:$C$46,"Comidas",Gastos!$G$7:$G$46,"Sí",Gastos!$H$7:$H$46,"Propio")) | M28: =IF(B28="","",IF($C$6="Importe fijo diario",IF(I28="",0,I28)*$C$5,MIN(L28,IF(I28="",0,I28)*$C$5))) | N28: =IF(B28="","",SUMIFS(Gastos!$J$7:$J$46,Gastos!$F$7:$F$46,B28)) | O28: =IF(B28="","",M28+N28) | P28: =IF(B28="","",O28-IF(G28="",0,G28)) | Q28: =IF(B28="","",IF(P28>0,"Pagar al viajero",IF(P28<0,"El viajero devuelve","Saldado")))
B29: TOTAL | G29: =SUM(G9:G28) | I29: =SUM(I9:I28) | J29: =SUM(J9:J28) | K29: =SUM(K9:K28) | L29: =SUM(L9:L28) | M29: =SUM(M9:M28) | N29: =SUM(N9:N28) | O29: =SUM(O9:O28) | P29: =SUM(P9:P28)
B31: Saldo positivo: la empresa debe ese importe al viajero. Negativo: el viajero ha recibido más anticipo del que gastó.

Sheet Por día
B2: Gastos por día y categoría
B3: Elige un viaje y mira cuánto gastaste cada día, por categoría
B5: Viaje | C5: Feria Barcelona | E5: Días | F5: =IFERROR(INDEX(Viajes!$I$9:$I$28,MATCH($C$5,Viajes!$B$9:$B$28,0))+0,0) | G5: Dieta máx./día | H5: =Viajes!$C$5
B7: Día | C7: Fecha | D7: Transporte | E7: Alojamiento | F7: Comidas | G7: Representación | H7: Otros | I7: Total día | J7: Control de dieta
B8: =IF(ROW()-7<=$F$5,ROW()-7,"") | C8: =IF(B8="","",INDEX(Viajes!$E$9:$E$28,MATCH($C$5,Viajes!$B$9:$B$28,0))+B8-1) | D8: =IF($C8="","",SUMIFS(Gastos!$D$7:$D$46,Gastos!$F$7:$F$46,$C$5,Gastos!$E$7:$E$46,$C8,Gastos!$C$7:$C$46,D$7)) | E8: =IF($C8="","",SUMIFS(Gastos!$D$7:$D$46,Gastos!$F$7:$F$46,$C$5,Gastos!$E$7:$E$46,$C8,Gastos!$C$7:$C$46,E$7)) | F8: =IF($C8="","",SUMIFS(Gastos!$D$7:$D$46,Gastos!$F$7:$F$46,$C$5,Gastos!$E$7:$E$46,$C8,Gastos!$C$7:$C$46,F$7)) | G8: =IF($C8="","",SUMIFS(Gastos!$D$7:$D$46,Gastos!$F$7:$F$46,$C$5,Gastos!$E$7:$E$46,$C8,Gastos!$C$7:$C$46,G$7)) | H8: =IF($C8="","",SUMIFS(Gastos!$D$7:$D$46,Gastos!$F$7:$F$46,$C$5,Gastos!$E$7:$E$46,$C8,Gastos!$C$7:$C$46,H$7)) | I8: =IF(C8="","",SUM(D8:H8)) | J8: =IF(C8="","",IF(F8=0,"Sin comidas",IF(F8>$H$5,"Supera la dieta","OK")))
B9: =IF(ROW()-7<=$F$5,ROW()-7,"") | C9: =IF(B9="","",INDEX(Viajes!$E$9:$E$28,MATCH($C$5,Viajes!$B$9:$B$28,0))+B9-1) | D9: =IF($C9="","",SUMIFS(Gastos!$D$7:$D$46,Gastos!$F$7:$F$46,$C$5,Gastos!$E$7:$E$46,$C9,Gastos!$C$7:$C$46,D$7)) | E9: =IF($C9="","",SUMIFS(Gastos!$D$7:$D$46,Gastos!$F$7:$F$46,$C$5,Gastos!$E$7:$E$46,$C9,Gastos!$C$7:$C$46,E$7)) | F9: =IF($C9="","",SUMIFS(Gastos!$D$7:$D$46,Gastos!$F$7:$F$46,$C$5,Gastos!$E$7:$E$46,$C9,Gastos!$C$7:$C$46,F$7)) | G9: =IF($C9="","",SUMIFS(Gastos!$D$7:$D$46,Gastos!$F$7:$F$46,$C$5,Gastos!$E$7:$E$46,$C9,Gastos!$C$7:$C$46,G$7)) | H9: =IF($C9="","",SUMIFS(Gastos!$D$7:$D$46,Gastos!$F$7:$F$46,$C$5,Gastos!$E$7:$E$46,$C9,Gastos!$C$7:$C$46,H$7)) | I9: =IF(C9="","",SUM(D9:H9)) | J9: =IF(C9="","",IF(F9=0,"Sin comidas",IF(F9>$H$5,"Supera la dieta","OK")))
B10: =IF(ROW()-7<=$F$5,ROW()-7,"") | C10: =IF(B10="","",INDEX(Viajes!$E$9:$E$28,MATCH($C$5,Viajes!$B$9:$B$28,0))+B10-1) | D10: =IF($C10="","",SUMIFS(Gastos!$D$7:$D$46,Gastos!$F$7:$F$46,$C$5,Gastos!$E$7:$E$46,$C10,Gastos!$C$7:$C$46,D$7)) | E10: =IF($C10="","",SUMIFS(Gastos!$D$7:$D$46,Gastos!$F$7:$F$46,$C$5,Gastos!$E$7:$E$46,$C10,Gastos!$C$7:$C$46,E$7)) | F10: =IF($C10="","",SUMIFS(Gastos!$D$7:$D$46,Gastos!$F$7:$F$46,$C$5,Gastos!$E$7:$E$46,$C10,Gastos!$C$7:$C$46,F$7)) | G10: =IF($C10="","",SUMIFS(Gastos!$D$7:$D$46,Gastos!$F$7:$F$46,$C$5,Gastos!$E$7:$E$46,$C10,Gastos!$C$7:$C$46,G$7)) | H10: =IF($C10="","",SUMIFS(Gastos!$D$7:$D$46,Gastos!$F$7:$F$46,$C$5,Gastos!$E$7:$E$46,$C10,Gastos!$C$7:$C$46,H$7)) | I10: =IF(C10="","",SUM(D10:H10)) | J10: =IF(C10="","",IF(F10=0,"Sin comidas",IF(F10>$H$5,"Supera la dieta","OK")))
B11: =IF(ROW()-7<=$F$5,ROW()-7,"") | C11: =IF(B11="","",INDEX(Viajes!$E$9:$E$28,MATCH($C$5,Viajes!$B$9:$B$28,0))+B11-1) | D11: =IF($C11="","",SUMIFS(Gastos!$D$7:$D$46,Gastos!$F$7:$F$46,$C$5,Gastos!$E$7:$E$46,$C11,Gastos!$C$7:$C$46,D$7)) | E11: =IF($C11="","",SUMIFS(Gastos!$D$7:$D$46,Gastos!$F$7:$F$46,$C$5,Gastos!$E$7:$E$46,$C11,Gastos!$C$7:$C$46,E$7)) | F11: =IF($C11="","",SUMIFS(Gastos!$D$7:$D$46,Gastos!$F$7:$F$46,$C$5,Gastos!$E$7:$E$46,$C11,Gastos!$C$7:$C$46,F$7)) | G11: =IF($C11="","",SUMIFS(Gastos!$D$7:$D$46,Gastos!$F$7:$F$46,$C$5,Gastos!$E$7:$E$46,$C11,Gastos!$C$7:$C$46,G$7)) | H11: =IF($C11="","",SUMIFS(Gastos!$D$7:$D$46,Gastos!$F$7:$F$46,$C$5,Gastos!$E$7:$E$46,$C11,Gastos!$C$7:$C$46,H$7)) | I11: =IF(C11="","",SUM(D11:H11)) | J11: =IF(C11="","",IF(F11=0,"Sin comidas",IF(F11>$H$5,"Supera la dieta","OK")))
B12: =IF(ROW()-7<=$F$5,ROW()-7,"") | C12: =IF(B12="","",INDEX(Viajes!$E$9:$E$28,MATCH($C$5,Viajes!$B$9:$B$28,0))+B12-1) | D12: =IF($C12="","",SUMIFS(Gastos!$D$7:$D$46,Gastos!$F$7:$F$46,$C$5,Gastos!$E$7:$E$46,$C12,Gastos!$C$7:$C$46,D$7)) | E12: =IF($C12="","",SUMIFS(Gastos!$D$7:$D$46,Gastos!$F$7:$F$46,$C$5,Gastos!$E$7:$E$46,$C12,Gastos!$C$7:$C$46,E$7)) | F12: =IF($C12="","",SUMIFS(Gastos!$D$7:$D$46,Gastos!$F$7:$F$46,$C$5,Gastos!$E$7:$E$46,$C12,Gastos!$C$7:$C$46,F$7)) | G12: =IF($C12="","",SUMIFS(Gastos!$D$7:$D$46,Gastos!$F$7:$F$46,$C$5,Gastos!$E$7:$E$46,$C12,Gastos!$C$7:$C$46,G$7)) | H12: =IF($C12="","",SUMIFS(Gastos!$D$7:$D$46,Gastos!$F$7:$F$46,$C$5,Gastos!$E$7:$E$46,$C12,Gastos!$C$7:$C$46,H$7)) | I12: =IF(C12="","",SUM(D12:H12)) | J12: =IF(C12="","",IF(F12=0,"Sin comidas",IF(F12>$H$5,"Supera la dieta","OK")))
B13: =IF(ROW()-7<=$F$5,ROW()-7,"") | C13: =IF(B13="","",INDEX(Viajes!$E$9:$E$28,MATCH($C$5,Viajes!$B$9:$B$28,0))+B13-1) | D13: =IF($C13="","",SUMIFS(Gastos!$D$7:$D$46,Gastos!$F$7:$F$46,$C$5,Gastos!$E$7:$E$46,$C13,Gastos!$C$7:$C$46,D$7)) | E13: =IF($C13="","",SUMIFS(Gastos!$D$7:$D$46,Gastos!$F$7:$F$46,$C$5,Gastos!$E$7:$E$46,$C13,Gastos!$C$7:$C$46,E$7)) | F13: =IF($C13="","",SUMIFS(Gastos!$D$7:$D$46,Gastos!$F$7:$F$46,$C$5,Gastos!$E$7:$E$46,$C13,Gastos!$C$7:$C$46,F$7)) | G13: =IF($C13="","",SUMIFS(Gastos!$D$7:$D$46,Gastos!$F$7:$F$46,$C$5,Gastos!$E$7:$E$46,$C13,Gastos!$C$7:$C$46,G$7)) | H13: =IF($C13="","",SUMIFS(Gastos!$D$7:$D$46,Gastos!$F$7:$F$46,$C$5,Gastos!$E$7:$E$46,$C13,Gastos!$C$7:$C$46,H$7)) | I13: =IF(C13="","",SUM(D13:H13)) | J13: =IF(C13="","",IF(F13=0,"Sin comidas",IF(F13>$H$5,"Supera la dieta","OK")))
B14: =IF(ROW()-7<=$F$5,ROW()-7,"") | C14: =IF(B14="","",INDEX(Viajes!$E$9:$E$28,MATCH($C$5,Viajes!$B$9:$B$28,0))+B14-1) | D14: =IF($C14="","",SUMIFS(Gastos!$D$7:$D$46,Gastos!$F$7:$F$46,$C$5,Gastos!$E$7:$E$46,$C14,Gastos!$C$7:$C$46,D$7)) | E14: =IF($C14="","",SUMIFS(Gastos!$D$7:$D$46,Gastos!$F$7:$F$46,$C$5,Gastos!$E$7:$E$46,$C14,Gastos!$C$7:$C$46,E$7)) | F14: =IF($C14="","",SUMIFS(Gastos!$D$7:$D$46,Gastos!$F$7:$F$46,$C$5,Gastos!$E$7:$E$46,$C14,Gastos!$C$7:$C$46,F$7)) | G14: =IF($C14="","",SUMIFS(Gastos!$D$7:$D$46,Gastos!$F$7:$F$46,$C$5,Gastos!$E$7:$E$46,$C14,Gastos!$C$7:$C$46,G$7)) | H14: =IF($C14="","",SUMIFS(Gastos!$D$7:$D$46,Gastos!$F$7:$F$46,$C$5,Gastos!$E$7:$E$46,$C14,Gastos!$C$7:$C$46,H$7)) | I14: =IF(C14="","",SUM(D14:H14)) | J14: =IF(C14="","",IF(F14=0,"Sin comidas",IF(F14>$H$5,"Supera la dieta","OK")))
B15: =IF(ROW()-7<=$F$5,ROW()-7,"") | C15: =IF(B15="","",INDEX(Viajes!$E$9:$E$28,MATCH($C$5,Viajes!$B$9:$B$28,0))+B15-1) | D15: =IF($C15="","",SUMIFS(Gastos!$D$7:$D$46,Gastos!$F$7:$F$46,$C$5,Gastos!$E$7:$E$46,$C15,Gastos!$C$7:$C$46,D$7)) | E15: =IF($C15="","",SUMIFS(Gastos!$D$7:$D$46,Gastos!$F$7:$F$46,$C$5,Gastos!$E$7:$E$46,$C15,Gastos!$C$7:$C$46,E$7)) | F15: =IF($C15="","",SUMIFS(Gastos!$D$7:$D$46,Gastos!$F$7:$F$46,$C$5,Gastos!$E$7:$E$46,$C15,Gastos!$C$7:$C$46,F$7)) | G15: =IF($C15="","",SUMIFS(Gastos!$D$7:$D$46,Gastos!$F$7:$F$46,$C$5,Gastos!$E$7:$E$46,$C15,Gastos!$C$7:$C$46,G$7)) | H15: =IF($C15="","",SUMIFS(Gastos!$D$7:$D$46,Gastos!$F$7:$F$46,$C$5,Gastos!$E$7:$E$46,$C15,Gastos!$C$7:$C$46,H$7)) | I15: =IF(C15="","",SUM(D15:H15)) | J15: =IF(C15="","",IF(F15=0,"Sin comidas",IF(F15>$H$5,"Supera la dieta","OK")))
B16: =IF(ROW()-7<=$F$5,ROW()-7,"") | C16: =IF(B16="","",INDEX(Viajes!$E$9:$E$28,MATCH($C$5,Viajes!$B$9:$B$28,0))+B16-1) | D16: =IF($C16="","",SUMIFS(Gastos!$D$7:$D$46,Gastos!$F$7:$F$46,$C$5,Gastos!$E$7:$E$46,$C16,Gastos!$C$7:$C$46,D$7)) | E16: =IF($C16="","",SUMIFS(Gastos!$D$7:$D$46,Gastos!$F$7:$F$46,$C$5,Gastos!$E$7:$E$46,$C16,Gastos!$C$7:$C$46,E$7)) | F16: =IF($C16="","",SUMIFS(Gastos!$D$7:$D$46,Gastos!$F$7:$F$46,$C$5,Gastos!$E$7:$E$46,$C16,Gastos!$C$7:$C$46,F$7)) | G16: =IF($C16="","",SUMIFS(Gastos!$D$7:$D$46,Gastos!$F$7:$F$46,$C$5,Gastos!$E$7:$E$46,$C16,Gastos!$C$7:$C$46,G$7)) | H16: =IF($C16="","",SUMIFS(Gastos!$D$7:$D$46,Gastos!$F$7:$F$46,$C$5,Gastos!$E$7:$E$46,$C16,Gastos!$C$7:$C$46,H$7)) | I16: =IF(C16="","",SUM(D16:H16)) | J16: =IF(C16="","",IF(F16=0,"Sin comidas",IF(F16>$H$5,"Supera la dieta","OK")))
B17: =IF(ROW()-7<=$F$5,ROW()-7,"") | C17: =IF(B17="","",INDEX(Viajes!$E$9:$E$28,MATCH($C$5,Viajes!$B$9:$B$28,0))+B17-1) | D17: =IF($C17="","",SUMIFS(Gastos!$D$7:$D$46,Gastos!$F$7:$F$46,$C$5,Gastos!$E$7:$E$46,$C17,Gastos!$C$7:$C$46,D$7)) | E17: =IF($C17="","",SUMIFS(Gastos!$D$7:$D$46,Gastos!$F$7:$F$46,$C$5,Gastos!$E$7:$E$46,$C17,Gastos!$C$7:$C$46,E$7)) | F17: =IF($C17="","",SUMIFS(Gastos!$D$7:$D$46,Gastos!$F$7:$F$46,$C$5,Gastos!$E$7:$E$46,$C17,Gastos!$C$7:$C$46,F$7)) | G17: =IF($C17="","",SUMIFS(Gastos!$D$7:$D$46,Gastos!$F$7:$F$46,$C$5,Gastos!$E$7:$E$46,$C17,Gastos!$C$7:$C$46,G$7)) | H17: =IF($C17="","",SUMIFS(Gastos!$D$7:$D$46,Gastos!$F$7:$F$46,$C$5,Gastos!$E$7:$E$46,$C17,Gastos!$C$7:$C$46,H$7)) | I17: =IF(C17="","",SUM(D17:H17)) | J17: =IF(C17="","",IF(F17=0,"Sin comidas",IF(F17>$H$5,"Supera la dieta","OK")))
B18: =IF(ROW()-7<=$F$5,ROW()-7,"") | C18: =IF(B18="","",INDEX(Viajes!$E$9:$E$28,MATCH($C$5,Viajes!$B$9:$B$28,0))+B18-1) | D18: =IF($C18="","",SUMIFS(Gastos!$D$7:$D$46,Gastos!$F$7:$F$46,$C$5,Gastos!$E$7:$E$46,$C18,Gastos!$C$7:$C$46,D$7)) | E18: =IF($C18="","",SUMIFS(Gastos!$D$7:$D$46,Gastos!$F$7:$F$46,$C$5,Gastos!$E$7:$E$46,$C18,Gastos!$C$7:$C$46,E$7)) | F18: =IF($C18="","",SUMIFS(Gastos!$D$7:$D$46,Gastos!$F$7:$F$46,$C$5,Gastos!$E$7:$E$46,$C18,Gastos!$C$7:$C$46,F$7)) | G18: =IF($C18="","",SUMIFS(Gastos!$D$7:$D$46,Gastos!$F$7:$F$46,$C$5,Gastos!$E$7:$E$46,$C18,Gastos!$C$7:$C$46,G$7)) | H18: =IF($C18="","",SUMIFS(Gastos!$D$7:$D$46,Gastos!$F$7:$F$46,$C$5,Gastos!$E$7:$E$46,$C18,Gastos!$C$7:$C$46,H$7)) | I18: =IF(C18="","",SUM(D18:H18)) | J18: =IF(C18="","",IF(F18=0,"Sin comidas",IF(F18>$H$5,"Supera la dieta","OK")))
B19: =IF(ROW()-7<=$F$5,ROW()-7,"") | C19: =IF(B19="","",INDEX(Viajes!$E$9:$E$28,MATCH($C$5,Viajes!$B$9:$B$28,0))+B19-1) | D19: =IF($C19="","",SUMIFS(Gastos!$D$7:$D$46,Gastos!$F$7:$F$46,$C$5,Gastos!$E$7:$E$46,$C19,Gastos!$C$7:$C$46,D$7)) | E19: =IF($C19="","",SUMIFS(Gastos!$D$7:$D$46,Gastos!$F$7:$F$46,$C$5,Gastos!$E$7:$E$46,$C19,Gastos!$C$7:$C$46,E$7)) | F19: =IF($C19="","",SUMIFS(Gastos!$D$7:$D$46,Gastos!$F$7:$F$46,$C$5,Gastos!$E$7:$E$46,$C19,Gastos!$C$7:$C$46,F$7)) | G19: =IF($C19="","",SUMIFS(Gastos!$D$7:$D$46,Gastos!$F$7:$F$46,$C$5,Gastos!$E$7:$E$46,$C19,Gastos!$C$7:$C$46,G$7)) | H19: =IF($C19="","",SUMIFS(Gastos!$D$7:$D$46,Gastos!$F$7:$F$46,$C$5,Gastos!$E$7:$E$46,$C19,Gastos!$C$7:$C$46,H$7)) | I19: =IF(C19="","",SUM(D19:H19)) | J19: =IF(C19="","",IF(F19=0,"Sin comidas",IF(F19>$H$5,"Supera la dieta","OK")))
... B21: =IF(ROW()-7<=$F$5,ROW()-7,"") | C21: =IF(B21="","",INDEX(Viajes!$E$9:$E$28,MATCH($C$5,Viajes!$B$9:$B$28,0))+B21-1) | D21: =IF($C21="","",SUMIFS(Gastos!$D$7:$D$46,Gastos!$F$7:$F$46,$C$5,Gastos!$E$7:$E$46,$C21,Gastos!$C$7:$C$46,D$7)) | E21: =IF($C21="","",SUMIFS(Gastos!$D$7:$D$46,Gastos!$F$7:$F$46,$C$5,Gastos!$E$7:$E$46,$C21,Gastos!$C$7:$C$46,E$7)) | F21: =IF($C21="","",SUMIFS(Gastos!$D$7:$D$46,Gastos!$F$7:$F$46,$C$5,Gastos!$E$7:$E$46,$C21,Gastos!$C$7:$C$46,F$7)) | G21: =IF($C21="","",SUMIFS(Gastos!$D$7:$D$46,Gastos!$F$7:$F$46,$C$5,Gastos!$E$7:$E$46,$C21,Gastos!$C$7:$C$46,G$7)) | H21: =IF($C21="","",SUMIFS(Gastos!$D$7:$D$46,Gastos!$F$7:$F$46,$C$5,Gastos!$E$7:$E$46,$C21,Gastos!$C$7:$C$46,H$7)) | I21: =IF(C21="","",SUM(D21:H21)) | J21: =IF(C21="","",IF(F21=0,"Sin comidas",IF(F21>$H$5,"Supera la dieta","OK")))
B22: TOTAL | D22: =SUM(D8:D21) | E22: =SUM(E8:E21) | F22: =SUM(F8:F21) | G22: =SUM(G8:G21) | H22: =SUM(H8:H21) | I22: =SUM(I8:I21)
B23: Muestra hasta 14 días por viaje. El alojamiento aparece en la fecha en que lo anotes (normalmente la del pago o la salida del hotel).

Sheet Instrucciones
B2: Cómo usar la plantilla de gastos de viaje de negocios
B3: Plantilla gratuita de Plantillas de Cálculo · plantillasdecalculo.com
B5: CÓMO USARLA
B6: 1. En «Viajes» fija la dieta diaria (€/día) y elige el método: «Gasto real con tope» o «Importe fijo diario». Son parámetros tuyos, no cifras oficiales.
B7: 2. En «Viajes» da de alta cada desplazamiento: nombre, destino, viajero, fechas de salida y regreso, anticipo recibido y estado del informe.
B8: 3. En «Gastos» anota cada gasto en una fila: concepto, categoría, importe, fecha y el viaje al que pertenece (desplegable).
B9: 4. Marca si tienes justificante (Sí/No) y quién lo pagó: «Propio» si lo adelantaste tú, «Empresa» si fue con tarjeta corporativa.
B10: 5. Revisa la columna «Control»: te avisa de gastos sin justificante, fechas fuera del viaje o viajes mal escritos.
B11: 6. En «Viajes» consulta por cada viaje el total gastado, las dietas reembolsables, el total a reembolsar y el saldo tras el anticipo.
B12: 7. En «Por día» elige un viaje y mira el gasto de cada día por categoría; te avisa si las comidas superan la dieta diaria.
B13: 8. En «Resumen» tienes los KPIs globales, el gasto por categoría y por viaje y los gráficos.
B15: CONSEJOS
... B23: Aviso: los importes, la dieta diaria y el método de reembolso son datos de ejemplo editables, no cifras fiscales ni legales oficiales. Consulta la política de gastos de tu empresa o a tu gestor para saber qué se puede reembolsar y deducir.
